 Dungeon Crawl Stone Soup version 0.30-a0-737-gf23d94013f (webtiles) character file.

Game seed: 15783798138610088856

470 Leeroy the Slasher (level 7, -10/34 HPs)
             Began as a Vine Stalker Warper on Feb 2, 2023.
             Mangled by an ogre
             ... wielding a +0 giant club
              (18 damage)
             ... on level 4 of the Dungeon.
             The game lasted 00:03:58 (2826 turns).

Leeroy the Slasher (Vine Stalker Warper)            Turns: 2826, Time: 00:03:58

Health: -10/34     AC:  4    Str: 13    XL:     7   Next: 9%
Magic:  0/11       EV: 11    Int: 13    God:
Gold:   187        SH:  0    Dex: 16    Spells: 5/10 levels left

rFire   . . .      SeeInvis .    a - +0 falchion
rCold   . . .      Faith    .    (no shield)
rNeg    . . .      Spirit   +    b - +0 leather armour
rPois   .          Reflect  .    (no helmet)
rElec   .          Harm     .    (no cloak)
rCorr   .          Rampage  .    (no gloves)
Will    .....                    g - +0 pair of boots
Stlth   +                        (no amulet)
HPRegen 1.05/turn                (no ring)
MPRegen 0.12/turn                (no ring)

@: no status effects
A: fangs 2, regeneration 1, magic shield, antimagic bite, no potion heal 2
a: no special abilities


You were on level 4 of the Dungeon.
You visited 1 branch of the dungeon, and saw 4 of its levels.

You collected 187 gold pieces.

Inventory:

Hand Weapons
 a - a +0 falchion (weapon)
Missiles
 d - 7 boomerangs of dispersal (quivered)
Armour
 b - a +0 leather armour (worn)
 g - a +0 pair of boots (worn)
Wands
 u - a wand of digging (4)
Scrolls
 c - 2 scrolls of blinking
 e - a scroll of torment {unknown}
 h - 3 scrolls of fog {unknown}
 i - 5 scrolls of teleportation {unknown}
 k - 3 scrolls of identify {unknown}
 o - a scroll of immolation
 p - a scroll of fear {unknown}
 q - a scroll of noise {unknown}
 s - a scroll of acquirement {unknown}
Potions
 f - a potion of ambrosia {unknown}
 j - a potion of degeneration {unknown}
 l - 2 potions of attraction {unknown}
 m - a potion of berserk rage {unknown}
 n - 2 potions of heal wounds {unknown}
 r - a potion of haste {unknown}
 t - a potion of lignification {unknown}


   Skills:
 - Level 1.7 Fighting
 + Level 6.8 Long Blades
 - Level 0.8 Throwing
 - Level 0.7 Armour
 - Level 1.5 Dodging
 - Level 2.1 Spellcasting
 - Level 3.0 Translocations


You had 5 spell levels left.
You knew the following spells:

 Your Spells              Type           Power      Damage    Failure   Level
a - Blink                 Tloc           18%        N/A       14%         2
b - Vhi's Electric Charg  Tloc/Air       10%        N/A       45%         3

Your spell library contained the following spells:

 Spells                   Type           Power      Damage    Failure   Level
 Lesser Beckoning         Tloc           18%        N/A       14%         2
 Teleport Other           Tloc           9%         N/A       28%         3
 Beastly Appendage        Tmut           2%         N/A       32%         1
 Ensorcelled Hibernation  Hex/Ice        2%         N/A       43%         2
 Passwall                 Tmut/Erth      0%         N/A       43%         2
 Wereblood                Tmut           1%         N/A       43%         2
 Inner Flame              Hex/Fire       1%         N/A       67%         3
 Spider Form              Tmut/Pois      1%         N/A       67%         3
 Swiftness                Air            1%         N/A       67%         3
 Manifold Assault         Tloc           9%         N/A       67%         4
 Cause Fear               Hex            0%         N/A       97%         4
 Discord                  Hex            0%         N/A       100%        8


Dungeon Overview and Level Annotations

Branches:
Dungeon (4/15)
 Temple: D:4-7

Altars:
Dithmenos
Fedhas

Shops:
D:1 :

Annotations:
D:3 1 runed translucent door, initializr's ghost, amateur KoBr
D:4 1 runed translucent door, Crazy Yiuf


Innate Abilities, Weirdness & Mutations

You have extremely sharp teeth.
Your natural rate of healing is unusually fast.
When hurt, damage is shared between your health and your magic reserves.
Your bite disrupts and absorbs the magic of your enemies.
Potions cannot restore your health.


Message History

No target in view!
You see here a +0 whip.
There is a stone staircase leading down here.
An orc comes into view. It is wielding a +0 mace.
An orc is nearby!
An ogre and an orc come into view.
The orc is wielding a +0 short sword of draining.
The ogre shouts!
The orc shouts!
You hear a shout!
An orc comes into view. It is wielding a +0 whip.
An orc comes into view. It is wielding a +0 mace.
A dart slug comes into view.
You slash the ogre! You bite the ogre. You drain its power.
The ogre is moderately wounded.
An orc comes into view. It is wielding a +0 club.
The ogre misses you.
A scorpion comes into view.
You barely miss the ogre.
The ogre is moderately wounded.
The ogre closely misses you.
You hit the ogre but do no damage.
The ogre is moderately wounded.
The orc completely misses you.
You barely miss the ogre. You bite the ogre, but do no damage.
The ogre is moderately wounded.
The ogre hits you with a +0 giant club!
You slash the ogre! You bite the ogre. You drain its power.
You feel invigorated.
The ogre is severely wounded.
The ogre hits you with a +0 giant club!!
Ouch! That really hurt!
* * * LOW HITPOINT WARNING * * *
You are too injured to fight recklessly!
You closely miss the ogre.
The ogre is severely wounded.
You barely miss the ogre. You bite the ogre. You drain its power.
You feel invigorated.
The ogre is almost dead.
The ogre hits you with a +0 giant club!!
Ouch! That really hurt!
You die... .......## ....... .#####.. ..... .#####.# ##...## ....##.# ### #..o..# ## . ###....# #.# #ows#

#.##.# ###..# #.# ##o####....
#..# #.# #oo.##...# ##.###.#
##O##..# #.....# #@รท...#
####..######..#.# #.........##.#
#########>..########.###########
..........[#### #...........#
#########.....# #############.#
#.....# #........####.#
#.....####...####.#....#
#.......##....).#)#.####


You could see an ogre, a scorpion, a dart slug and 5 orcs.

Vanquished Creatures
  A phantom (D:4)
  A hound (D:4)
  An orc priest (D:4)
  Ijyb (D:4)
  Natasha (twice) (D:4)
  10 adders
  6 gnolls
  2 worms
  4 dart slugs
  5 orcs
  5 ball pythons
  7 bats
  9 endoplasms
  2 giant cockroaches
  10 goblins
  9 hobgoblins
  4 jackals
  8 kobolds
  3 quokkas
  3 frilled lizards (D:1)
  6 rats
99 creatures vanquished.

Notes
Turn   | Place    | Note
-------+----------+-------------------------------------------
     0 | D:1      | Leeroy the Vine Stalker Warper began the quest for the Orb.
     0 | D:1      | Reached XP level 1. HP: 11/11 MP: 4/4
    42 | D:1      | Reached skill level 2 in Long Blades
   106 | D:1      | Reached XP level 2. HP: 15/15 MP: 4/6
   246 | D:1      | Found Meukkadu's Vocational Training.
   262 | D:1      | Reached skill level 3 in Long Blades
   276 | D:1      | Reached XP level 3. HP: 18/18 MP: 7/7
   447 | D:1      | Found a faded altar of an unknown god.
   797 | D:2      | Gained mutation: Your natural rate of healing is unusually
                  | fast. [Vine Stalker growth]
   797 | D:2      | Reached XP level 4. HP: 15/23 MP: 5/8
   888 | D:2      | Found a blossoming altar of Fedhas.
   910 | D:2      | Reached skill level 4 in Long Blades
  1372 | D:3      | Reached XP level 5. HP: 19/26 MP: 5/9
  1609 | D:3      | Found a shadowy altar of Dithmenos.
  1614 | D:3      | Reached skill level 5 in Long Blades
  1830 | D:3      | Learned a level 2 spell: Blink
  1834 | D:3      | Learned a level 3 spell: Vhi's Electric Charge
  1873 | D:3      | Found a runed translucent door.
  1873 | D:3      | Noticed initializr's ghost (amateur KoBr)
  2227 | D:3      | Reached XP level 6. HP: 20/30 MP: 7/10
  2344 | D:4      | Noticed Natasha
  2357 | D:4      | Killed Natasha
  2428 | D:4      | Noticed Natasha
  2437 | D:4      | Killed Natasha
  2438 | D:4      | Reached skill level 6 in Long Blades
  2573 | D:4      | Noticed Ijyb
  2603 | D:4      | Killed Ijyb
  2684 | D:4      | Found a runed translucent door.
  2685 | D:4      | Noticed Crazy Yiuf
  2731 | D:4      | Reached XP level 7. HP: 33/34 MP: 11/11
  2826 | D:4      | Mangled by an ogre

Illustrated notes

Levels and vault maps discovered:
D:1:      eino_arrival_cavern_b, layout_rooms,
          dilly_ecumenical_altar_fadedgnrine, nicolae_shop_vocational
D:2:      layout_loops_ring, basic_altar, minmay_vboxes
D:3:      layout_basic, overflow_temple_1_default, ebering_ghost_inner_flame
D:4:      layout_basic, worldfamousw_hep_ancestral_shrine, hex_intersection,
          nicolae_figureground_sparkle, uniq_ijyb, uniq_natasha,
          uniq_crazy_yiuf_cottage

Skill      XL: |  1  2  3  4  5  6 |
---------------+-------------------+-----
Long Blades    | 2 3 4 5 6 |  6.8
Fighting       | |  1.7
Throwing       | |  0.8
Armour         | |  0.7
Dodging        | |  1.5
Spellcasting   | |  2.1
Translocations | |  3.0

Action                     |  1- 3 |  4- 6 |  7- 9 || total
---------------------------+-------+-------+-------++-------
  Melee: Falchion          |    94 |   238 |     7 ||   339
         Bite              |    21 |    63 |     4 ||    88
         Punch             |       |     3 |       ||     3
   Stab: Sleeping          |     1 |     4 |       ||     5
 Armour: Leather armour    |    33 |    54 |       ||    87
  Dodge: Dodged            |    64 |   126 |     3 ||   193

Table legend: (Time is in decaauts)
 A = Elapsed time spent in this place.
 B = Non-inter-level travel time spent in this place.
 C = Inter-level travel time spent in this place.
 D = Time resting spent in this place.
 E = Time spent auto-exploring this place.
 F = Levels seen in this place.
 G = Mean time per level.
                   A        B        C        D        E       F      G
               +--------+--------+--------+--------+--------+-----+--------+
         Total |   2862 |   2784 |     78 |     52 |   2032 |   4 |  715.5 |
       Dungeon |   2862 |   2784 |     78 |     52 |   2032 |   4 |  715.5 |
               +--------+--------+--------+--------+--------+-----+--------+

Top non-repeatable levels by time:
     D:3: 893 daAuts
     D:1: 749 daAuts
     D:2: 632 daAuts
     D:4: 586 daAuts
